 Dungeon Crawl Stone Soup version 0.28.0 (webtiles) character file.

Game seed: 5712501063453273604

7228 HallandMoats the Fighter (level 11, -9/99 HPs)
             Began as a Ghoul Fighter on Feb 8, 2022.
             Was a High Priest of Qazlal.
             Mangled by a meliai (10 damage)
             ... on level 10 of the Dungeon.
             The game lasted 00:15:54 (13993 turns).

HallandMoats the Fighter (Ghoul Fighter)           Turns: 13993, Time: 00:15:55

Health: -9/99      AC: 14    Str: 21    XL:     11   Next: 12%
Magic:  10/10      EV:  9    Int:  5    God:    Qazlal [*****.]
Gold:   227        SH:  6    Dex: 10    Spells: 10/10 levels left

rFire   . . .      SeeInvis .   a - +1 halberd (venom)
rCold   + . .      Faith    .   (shield currently unavailable)
rNeg    + + +      Spirit   .   b - +0 scale mail
rPois   ∞          Reflect  .   (no helmet)
rElec   .          Harm     .   B - +2 cloak {rPois}
rCorr   .          Rampage  .   (no gloves)
Will    .....                   (no boots)
Stlth   ..........              (no amulet)
HPRegen 0.00/turn               (no ring)
MPRegen 0.12/turn               (no ring)

@: protected from physical damage, inhibited regen, repel missiles
A: claws 1, cold resistance 1, negative energy resistance 3, inhibited
regeneration, torment resistance 2
a: Renounce Religion, Upheaval, Elemental Force, Disaster Area


You were on level 10 of the Dungeon.
You worshipped Qazlal.
Qazlal was extremely pleased with you.
You visited 1 branch of the dungeon, and saw 10 of its levels.
You also visited: Sewer.

You collected 597 gold pieces.
You spent 370 gold pieces at shops.

Inventory:

Hand Weapons
 a - a +1 halberd of venom (weapon)
 r - a +1 war axe of flaming
Missiles
 t - a throwing net (quivered)
Armour
 b - a +0 scale mail (worn)
 c - a +0 buckler
 B - a +2 cloak of poison resistance (worn)
Jewellery
 x - a ring of magical power
Wands
 l - a wand of iceblast (5)
 u - a wand of acid (8)
 v - a wand of digging (8)
 y - a wand of polymorph (11)
 C - a wand of flame (26)
Scrolls
 g - 4 scrolls of blinking
 h - 6 scrolls of teleportation
 i - 2 scrolls of fear
 j - 2 scrolls of fog {unknown}
 m - a scroll of brand weapon
 n - a scroll of summoning
 o - a scroll of enchant weapon
 s - 2 scrolls of amnesia
 D - a scroll of identify
Potions
 d - 3 potions of might
 e - 2 potions of heal wounds
 f - a potion of cancellation {unknown}
 k - 5 potions of curing
 p - 2 potions of flight {unknown}
 q - a potion of brilliance {unknown}
 z - a potion of resistance {unknown}
 A - a potion of magic {unknown}
 E - a potion of ambrosia {unknown}


   Skills:
 + Level 9.8 Fighting
 + Level 7.9 Polearms
 + Level 8.2 Armour
 + Level 8.2 Shields


You had 10 spell levels left.
You didn't know any spells.
Your spell library contained the following spells:

 Spells                   Type           Power      Damage    Failure   Level
 Ensorcelled Hibernation  Hex/Ice        0%         N/A       88%         2
 Scorch                   Fire           0%         2d5       88%         2
 Static Discharge         Conj/Air       0%         N/A       88%         2
 Confusing Touch          Hex            0%         N/A       98%         3
 Portal Projectile        Hex/Tloc       0%         N/A       98%         3
 Flame Wave               Conj/Fire      0%         2d4       100%        4
 Excruciating Wounds      Necr           0%         N/A       100%        5
 Lightning Bolt           Conj/Air       0%         1d11      100%        5
 Death Channel            Necr           0%         N/A       100%        6
 Summon Cactus Giant      Summ           0%         N/A       100%        6
 Infestation              Necr           0%         N/A       100%        8
 Maxwell's Capacitive Co  Air            0%         ∞         100%        8
 Blade Hands              Tmut           Unusable   N/A       N/A         5

Dungeon Overview and Level Annotations

Branches:
Dungeon (10/15)            Temple (0/1) D:5            Lair (0/6) D:10
    Orc (0/2) D:10          Sewer (visited)

Altars:
Cheibriados
Dithmenos
Makhleb
Qazlal
Xom
The Shining One

Shops:
D:6 ?

Annotations:
D:5 2 runed translucent doors, BobtheApe's ghost, novice MiFi


Innate Abilities, Weirdness & Mutations

You thrive by killing the living.
You are immune to poison.
You have sharp fingernails.
Your flesh is cold resistant. (rC+)
You are immune to negative energy. (rN+++)
You do not regenerate when monsters are visible.
You are immune to unholy pain and torment.


Message History

The centaur wields a +0 shortbow.
The centaur shoots an arrow.
The arrow barely misses you. The meliai hits you with a +0 hand axe.
You feel more protected from physical attacks.
The meliai stings you but does no damage.
Activating: Disaster Area (80% risk of failure)
Press: ? - help, Dir - look around, f - activate You fail to use your ability.
The meliai hits you but does no damage. The meliai stings you.
The meliai invokes the aid of its god against you.
Something smites you! The meliai barely misses you.
You block the meliai's attack. The meliai hits you but does no damage.
The meliai stings you but does no damage.
The meliai hits you with a +0 hand axe!
You feel more protected from physical attacks.
You block the meliai's attack.
The centaur shoots an arrow.
The arrow hits you!
* * * LOW HITPOINT WARNING * * *
The meliai calls down the wrath of its god upon you.
Something smites you!
* * * LOW HITPOINT WARNING * * *
Unknown command.
Unknown command.
Unknown command.
Unknown command.
Unknown command.
Unknown command.
Unknown command.
Activating: Disaster Area (80% risk of failure)
Press: ? - help, Dir - look around, f - activate You fail to use your ability.
The meliai is struck by lightning.
The meliai hits you with a +0 war axe.
* * * LOW HITPOINT WARNING * * *
You block the meliai's attack.
The meliai invokes the aid of its god against you.
Something smites you!
* * * LOW HITPOINT WARNING * * *
The centaur shoots an arrow.
The arrow closely misses you.
The meliai calls upon its god to heal the meliai.
The meliai is healed somewhat.
The meliai is struck by lightning.
The meliai hits you with a +0 war axe!
You die...

,,,,,*,,,,,#.....####***,,,,,,,,*
,,,,,+,,,,,#...c.....,,,,,,,,,,,,
,,,,,**+*###........,,,,*#######,
,,,,,,,,,..........######......#,
,,,,,,,,,..........#...........#,
,,,,,,,,,..........'...........#,
,,,,,,,,,......○°..#...<†......#,
,,,,,,,,,>....°y.°.#...........#,
,,,,,,,,,......§@°.#...........#,
,,,,,,,,,.####.yy..#############,
,,,******** #(?§.....,,,,,,,,,,,
**** ##########*,,,,,,,,,
*,,,,,,*** *,,,,,,* ********


You could see 3 meliai and a centaur.

Vanquished Creatures
  A centaur warrior (D:8)
  A two-headed ogre (D:6)
  A manticore (D:8)
  3 hornets
  2 yaks (D:9)
  A wyvern (D:10)
  Edmund (D:5)
  An acid dragon (D:8)
  A water moccasin (D:9)
  Pargi (Sewer)
  2 orc warriors (D:9)
  An ice beast (D:6)
  A sky beast (D:7)
  2 black bears (D:6)
  2 ogres
  3 centaurs
  The ghost of Jeffrey the Cudgeller, an amateur GrMo of Ashenzari (D:3)
  A kobold brigand (D:7)
  A phantom (D:4)
  3 bullfrogs
  2 scorpions
  2 gnoll sergeants
  A wyvern skeleton (D:7)
  A water moccasin skeleton (D:4)
  5 killer bees (D:8)
  7 wights
  6 howler monkeys
  2 electric eels (D:6)
  3 centaur zombies
  A jelly (D:6)
  3 orc priests
  3 gnoll shamans
  Crazy Yiuf (D:7)
  8 hounds
  A bullfrog skeleton (D:5)
  A centaur skeleton (D:6)
  19 orc wizards
  2 iguanas
  2 killer bee zombies
  2 hound skeletons (D:4)
  A howler monkey zombie (D:8)
  27 gnolls
  A howler monkey skeleton (D:6)
  8 adders
  2 white imps
  2 adder skeletons (D:4)
  A worm (D:3)
  4 dart slugs
  24 orcs
  7 ball pythons
  5 endoplasms
  3 giant cockroaches
  3 goblins
  4 hobgoblins
  20 jackals
  4 quokkas
  12 bats
  12 frilled lizards
  12 kobolds
  6 rats
260 creatures vanquished.

Vanquished Creatures (others)
  An orc wizard (D:6)
  6 demonic plants (D:1)
  A fungus (D:10)
  A plant (D:3)
  2 toadstools (D:5)
11 creatures vanquished.

Grand Total: 271 creatures vanquished

Notes
Turn   | Place    | Note
-------+----------+-------------------------------------------
     0 | D:1      | HallandMoats the Ghoul Fighter began the quest for the Orb.
     0 | D:1      | Reached XP level 1. HP: 19/19 MP: 0/0
   135 | D:1      | Reached XP level 2. HP: 26/26 MP: 1/1
   487 | D:1      | Reached XP level 3. HP: 27/31 MP: 2/2
   725 | D:1      | Found a faded altar of an unknown god.
   782 | D:1      | Prayed at the altar of an unknown god.
   782 | D:1      | Became a worshipper of Qazlal Stormbringer
   782 | D:1      | Reached * piety under Qazlal
  1143 | D:2      | Reached XP level 4. HP: 40/40 MP: 3/3
  1243 | D:2      | Reached skill level 4 in Fighting
  1362 | D:2      | Reached ** piety under Qazlal
  1384 | D:2      | Found a shadowy altar of Dithmenos.
  1971 | D:3      | Reached XP level 5. HP: 38/46 MP: 4/4
  2490 | D:3      | Reached XP level 6. HP: 29/53 MP: 5/5
  3600 | D:3      | Reached skill level 5 in Fighting
  3612 | D:3      | Reached XP level 7. HP: 25/61 MP: 6/6
  3621 | D:3      | Reached *** piety under Qazlal
  4827 | D:3      | Noticed Jeffrey's ghost (amateur GrMo)
  4837 | D:3      | Found a runed translucent door.
  5104 | D:3      | Found a burning altar of Makhleb.
  5166 | D:3      | Killed Jeffrey's ghost
  5453 | D:4      | Found a glowing drain.
  5466 | Sewer    | Entered a sewer
  5633 | Sewer    | Noticed Pargi
  5651 | Sewer    | Killed Pargi
  5652 | Sewer    | Reached XP level 8. HP: 29/70 MP: 7/7
  6096 | D:4      | Found a snail-covered altar of Cheibriados.
  6224 | D:4      | Reached skill level 6 in Fighting
  6224 | D:4      | Reached skill level 5 in Armour
  6224 | D:4      | Reached skill level 5 in Shields
  6381 | D:4      | Reached **** piety under Qazlal
  6888 | D:5      | Entered Level 5 of the Dungeon
  7329 | D:5      | Found a large runed translucent door.
  7330 | D:5      | Found a large runed translucent door.
  7381 | D:5      | Noticed Edmund
  7388 | D:5      | Killed Edmund
  7389 | D:5      | Reached skill level 5 in Polearms
  7521 | D:5      | Found a staircase to the Ecumenical Temple.
  7700 | D:5      | Noticed BobtheApe's ghost (novice MiFi)
  7723 | D:6      | Found Saiv's Magic Scroll Shop.
  7727 | D:6      | Noticed a two-headed ogre
  7729 | D:6      | Reached XP level 9. HP: 78/78 MP: 8/8
  7732 | D:6      | Reached skill level 7 in Fighting
  7766 | D:6      | Killed a two-headed ogre
  7966 | D:6      | Bought 3 scrolls of blinking for 225 gold pieces
  7966 | D:6      | Bought a scroll of identify for 20 gold pieces
  7966 | D:6      | Bought a scroll of magic mapping for 35 gold pieces
  7966 | D:6      | Bought a scroll of teleportation for 30 gold pieces
  7966 | D:6      | Bought 2 scrolls of teleportation for 60 gold pieces
  9456 | D:6      | Found a shimmering altar of Xom.
  9487 | D:6      | Reached skill level 8 in Fighting
 10219 | D:7      | Reached XP level 10. HP: 88/88 MP: 9/9
 10233 | D:7      | Reached ***** piety under Qazlal
 10442 | D:7      | Got the Reference Book on Ensnaring Necromancy
 10858 | D:7      | Found a runed translucent door.
 10859 | D:7      | Noticed Crazy Yiuf
 10864 | D:7      | Killed Crazy Yiuf
 11597 | D:8      | Noticed a manticore
 11598 | D:8      | Noticed a centaur warrior
 11877 | D:8      | Reached skill level 9 in Fighting
 11877 | D:8      | Killed a centaur warrior
 11886 | D:8      | Killed a manticore
 12311 | D:9      | Reached XP level 11. HP: 50/97 MP: 10/10
 13974 | D:10     | Entered Level 10 of the Dungeon
 13993 | D:10     | HP: 1/99 [meliai/divine providence (15)]
 13993 | D:10     | Mangled by a meliai

Illustrated notes

Levels and vault maps discovered:
D:1:      minmay_arrival_glassed_features, layout_loops_ring,
          shapermc_ecumenical_altar_flowoftime
D:2:      layout_rooms, basic_altar
D:3:      lemuel_castle_with_subvaults [lemuel_castle_interior_carwin_2],
          layout_basic, bloody_makhleb, hellmonk_ghost_happy_afterlife
D:4:      layout_loops_corners, kennysheep_mini, portal_sewer_entry_d,
          chequers_hall_statues_corner_a
D:5:      layout_cave_pools, minmay_temple_entry_glass,
          ebering_ghost_disaster_area, minmay_gold_behind_fungi, uniq_edmund
D:6:      minmay_flawed_box, layout_basic, nicolae_overflow_squiral,
          serial_shops, nicolae_stop_n_shop_1, solitary_fountain,
          grunt_decor_clamped
D:7:      layout_rooms, uniq_crazy_yiuf_cottage
D:8:      layout_loops_corners, lightli_corner_chamber
D:9:      minmay_skewed_foursquare, layout_cave_pods, minivault_16
D:10:     layout_irregular_city, due_lair_maze_entry_diamond,
          kennysheep_orc_monster_closet_entryway, enter_bailey_5, enter_trove_5,
          uniq_joseph, uniq_psyche, uniq_maurice

Skill      XL: |  1  2  3  4  5  6  7  8  9 10 |
---------------+-------------------------------+-----
Polearms       | 2 3 4 5 6 7 |  7.9
Armour         | 3 4 5 6 8 |  8.2
Shields        | 3 4 5 6 8 |  8.2
Fighting       | 4 5 6 8 9 |  9.8

Action                   |  1- 3 |  4- 6 |  7- 9 | 10-12 || total
-------------------------+-------+-------+-------+-------++-------
Melee: Trident           |   143 |   281 |    63 |       ||   487
       Halberd           |       |       |   321 |   225 ||   546
Evoke: Wand              |       |       |       |     1 ||     1
  Use: Scroll            |       |       |     9 |     8 ||    17
       Potion            |       |       |     2 |       ||     2
Armor: Scale mail        |    60 |   136 |   185 |   113 ||   494
Dodge: Dodged            |    53 |   125 |   149 |    95 ||   422
       Repelled          |       |       |     9 |     2 ||    11
Block: Buckler           |    38 |   132 |    44 |       ||   214
       Other             |       |       |    62 |    83 ||   145
